Map: Treinamento do Vazio Estágio 3

Players

IagoAbreu - Winner!

  • Race: Terran Terran
  • Spawn Location: 6:00

Jogador 2

  • Race: Terran Terran
  • Spawn Location: 12:00

VOD

Have the link to the VOD?

Description

Time

  • Played on: Feb. 19, 2018, 12:25 p.m.
  • Length: 20:30
Show
View Real Time Build Order
Export as new Build Order

IagoAbreu Terran - Winner!

Build Orders: MMM Bio 

Get SALT Encoding   

  12  0:02  SCV  
  13  0:14  SCV  
  14  0:22  Supply Depot  
  14  0:28  SCV  
  15  0:41  Supply Depot  
  15  0:44  SCV  
  16  0:54  Barracks  
  16  0:58  SCV, Refinery  
  17  1:11  SCV  
  18  1:19  Refinery  
  18  1:23  SCV  
  19  1:35  SCV  
  20  1:47  SCV  
  20  1:52  Barracks Reactor  
  21  1:59  SCV  
  22  2:02  Barracks  
  22  2:11  SCV  
  23  2:27  Engineering Bay  
  23  2:32  Marine x2  
  25  2:38  Orbital Command  
  25  2:49  Marine  
  25  2:50  Marine  
  27  2:59  Barracks Tech Lab  
  27  3:07  Marine x2  
  27  3:09  Factory  
  29  3:25  Command Center  
  29  3:41  Combat Shields  
  29  3:50  Supply Depot  
  29  3:52  Supply Depot  
  29  3:55  Marine  
  30  4:10  Terran Infantry Weapons Level 1  
  30  4:13  Factory Tech Lab, Supply Depot  
  30  4:16  Supply Depot  
  30  4:32  Marine  
  30  4:33  Marine  
  30  4:37  Siege Tank  
  35  4:49  Planetary Fortress  
  35  4:50  Marine x2  
  30  5:12  Stimpack  
  30  5:15  Siege Tank  
  33  5:33  Marine x2  
  35  5:36  Marauder  
  37  5:47  Siege Tank  
  40  5:51  Marine x2  
  42  5:57  Marauder  
  44  6:08  Terran Infantry Armor Level 1  
  44  6:17  Marine  
  44  6:18  Marine  
  46  6:19  Siege Tank, Marauder  
  51  6:35  Marine x2  
  51  6:36  SCV  
  54  6:42  SCV  
  55  6:48  SCV  
  55  6:53  Marine x2  
  59  6:54  SCV  
  59  7:01  SCV  
  60  7:06  SCV  
  61  7:13  SCV  
  62  7:18  SCV  
  63  7:25  SCV  
  64  7:30  SCV  
  64  7:33  Marine  
  64  7:34  Marine  
  67  7:38  Marauder  
  67  7:43  Siege Tank  
  67  7:51  Marine x2  
  69  7:59  Marauder  
  69  8:02  Sensor Tower  
  71  8:09  Marine x2  
  73  8:15  Siege Tank  
  73  8:19  Supply Depot  
  76  8:21  Supply Depot, Marauder  
  76  8:23  Supply Depot  
  76  8:24  Supply Depot  
  78  8:36  Refinery  
  78  8:38  Refinery  
  78  8:40  Marine x2, SCV  
  81  8:42  Marauder  
  83  8:52  SCV  
  83  8:54  Starport  
  84  8:56  Starport  
  84  8:57  Siege Tank  
  87  9:04  SCV, Marauder  
  90  9:16  SCV  
  91  9:29  SCV  
  92  9:41  SCV  
  92  9:43  Barracks Reactor  
  93  9:48  Starport Reactor  
  93  9:53  SCV  
  94  10:03  Starport Reactor  
  94  10:10  Missile Turret  
  94  10:12  Missile Turret  
  94  10:17  Bunker  
  94  10:32  Missile Turret  
  94  10:41  Liberator x2  
  94  10:46  Marine x2  
  94  10:48  Bunker  
  96  10:51  Raven  
  104  11:04  Marine x2  
  106  11:18  Supply Depot  
  106  11:22  Marine x2  
  106  11:24  Liberator x2  
  108  11:34  Raven  
  108  11:39  Marine  
  110  11:40  Marine, Supply Depot  
  118  11:55  Building Armor  
  118  12:02  Supply Depot  
  118  12:04  Armory  
  118  12:06  Armory  
  118  12:07  Liberator  
  118  12:21  Cyclone  
  118  12:22  Marine x2  
  122  12:24  Command Center  
  122  12:25  Supply Depot  
  123  12:30  Banshee  
  126  12:40  Marine x2  
  128  12:53  Cyclone  
  128  12:58  Marine x2  
  132  13:04  Liberator x2  
  133  13:13  Banshee  
  133  13:16  Marine x2  
  126  13:26  Marine x2  
  134  13:44  Marine x2  
  134  13:47  Liberator x2  
  136  13:53  Orbital Command  
  136  14:02  Marine x2  
  144  14:16  Terran Ship Weapons Level 1  
  144  14:17  Terran Vehicle And Ship Armor Level 1  
  144  14:19  Marine  
  144  14:20  Marine  
  146  14:30  Liberator x2  
  146  14:42  Banshee  
  149  14:47  Marine x2  
  149  14:48  Marine x2  
  159  14:58  Terran Infantry Weapons Level 2  
  159  15:03  Engineering Bay  
  159  15:05  Marine x3  
  159  15:06  Marine  
  163  15:08  Fusion Core  
  163  15:23  Marine x4  
  163  15:25  Banshee  
  170  15:30  Medivac x2  
  170  15:34  Refinery  
  174  15:37  SCV, Refinery  
  174  15:40  Supply Depot  
  174  15:41  Marine x4, Supply Depot  
  179  15:43  Supply Depot  
  179  15:49  SCV  
  180  16:00  Terran Infantry Armor Level 2  
  180  16:01  SCV  
  180  16:02  Supply Depot  
  181  16:08  Banshee  
  181  16:10  Terran Vehicle Weapons Level 1  
  184  16:11  Terran Ship Weapons Level 2  
  184  16:13  SCV  
  184  16:18  Medivac x2  
  189  16:25  SCV  
  190  16:26  Marine x4  
  190  16:44  Marine x4  
  193  16:51  Banshee  
  196  17:02  Marine x4  
  196  18:42  Viking x2  
Show
View Real Time Build Order
Export as new Build Order

Jogador 2 Terran 

Build Orders:  

Get SALT Encoding   

  12  0:00  SCV  
  13  0:13  SCV  
  14  0:20  Supply Depot  
  14  0:25  SCV  
  15  0:42  SCV  
  16  0:44  Barracks  
  16  0:50  Refinery  
  16  0:54  SCV  
  17  1:06  SCV  
  18  1:15  Supply Depot  
  18  1:31  Marine  
  19  1:33  Barracks, Orbital Command  
  19  1:43  Refinery  
  19  1:53  Marine  
  20  1:54  Factory  
  20  2:11  Barracks Tech Lab  
  20  2:29  Supply Depot  
  22  2:30  Marauder  
  22  2:46  Marine  
  23  3:03  Marine  
  23  3:05  Supply Depot  
  24  3:13  SCV  
  25  3:22  Marauder  
  25  3:25  SCV  
  28  3:30  Engineering Bay  
  28  3:37  SCV  
  28  3:38  Hellion  
  31  3:49  SCV  
  31  3:53  Supply Depot  
  32  4:00  Hellion  
  32  4:01  SCV  
  35  4:13  SCV  
  36  4:21  Hellion  
  38  4:42  Hellion  
  40  5:04  Hellion  
  42  7:02  Barracks Tech Lab  
  42  7:03  Widow Mine  
  42  7:06  Factory  
  44  7:08  Supply Depot  
  44  7:10  Command Center, Missile Turret  
  44  7:12  Missile Turret  
  44  7:14  Marine  
  44  7:15  Sensor Tower  
  45  7:17  Armory  
  45  7:21  Starport  
  45  7:25  Barracks, Factory Tech Lab  
  45  7:26  Marine  
  46  7:32  Supply Depot  
  46  7:36  Bunker  
  46  7:37  Marine  
  33  7:49  Marine  
  33  7:51  Factory Tech Lab  
  30  7:58  Starport Tech Lab  
  30  8:00  Siege Tank  
  33  8:11  Barracks Reactor  
  33  8:12  Widow Mine  
  35  8:16  Raven  
  37  8:22  SCV  
  37  8:23  Marine  
  37  8:25  SCV, Refinery  
  40  8:34  Missile Turret  
  40  8:35  SCV, Missile Turret, Marauder  
  40  8:36  Refinery  
  40  8:37  SCV  
  44  8:46  Marine  
  44  8:47  SCV  
  46  8:49  SCV  
  47  8:57  Bunker  
  47  8:58  Marauder  
  47  8:59  SCV, Raven  
  47  9:02  SCV  
  53  9:09  Marine  
  54  9:11  SCV  
  54  9:14  SCV  
  56  9:21  Siege Tank  
  56  9:23  SCV  
  60  9:26  SCV  
  61  9:32  Marine  
  61  9:35  SCV  
  61  9:38  SCV  
  64  9:47  SCV  
  64  9:50  SCV  
  66  9:59  SCV  
  67  10:02  SCV  
  68  10:11  SCV  
  69  10:14  SCV  
  70  10:23  SCV  
  71  11:47  Medivac, Thor  
  71  11:48  Terran Infantry Weapons Level 1, Stimpack, Combat Shields  
  71  11:51  Starport  
  71  11:53  Supply Depot  
  79  11:57  Command Center, Ghost Academy  
  79  11:58  Siege Tank  
  79  12:00  Fusion Core  
  82  12:04  Engineering Bay  
  82  12:07  Armory  
  81  12:17  Medivac  
  81  12:19  Supply Depot  
  79  12:23  Marine  
  79  12:28  Starport Reactor  
  79  12:29  Terran Infantry Armor Level 1  
  68  12:34  Marine  
  63  12:45  Marine  
  63  12:47  Raven  
  66  12:56  Marine  
  65  13:07  Marine  
  65  13:09  SCV  
  65  13:12  SCV  
  67  13:14  Medivac x2  
  67  13:15  SCV  
  67  13:17  Marine  
  69  13:20  Refinery  
  69  13:21  SCV  
  69  13:24  SCV, Missile Turret  
  71  13:27  SCV  
  71  13:28  Siege Tank  
  71  13:30  Raven  
  71  13:31  Missile Turret  
  71  13:33  SCV, Refinery  
  78  13:36  SCV  
  78  13:39  SCV, Siege Tank  
  83  13:46  SCV  
  84  13:49  Marine  
  84  13:51  Bunker  
  85  14:01  Cyclone  
  88  14:11  Thor  
  96  15:57  Marauder  
  96  15:58  Terran Infantry Weapons Level 2  
  96  15:59  Marine, Supply Depot, Terran Ship Weapons Level 1, Terran Vehicle Weapons Level 1  
  96  16:02  Marine  
  98  16:05  Marine  
  99  16:17  Marine  
  99  16:18  Marine  
  101  16:20  Marine  
  101  16:23  Marine, Supply Depot  
  100  16:32  Cyclone  
  100  16:35  Marine, Marauder  
  100  16:38  Marine  
  95  16:41  Marine  
  95  16:44  Siege Tank  
  95  16:46  Raven  
  82  16:53  Marine  
  82  16:56  Marine  
  82  16:57  Command Center, Marauder, Concussive Shells  
  82  16:59  Marine  
  86  17:04  Medivac  
  86  17:05  Siege Tank  
  89  17:12  Marauder  
  89  17:13  Marine  
  89  17:16  Marine  
  89  17:17  Marine  
  91  17:23  Hellion  
  91  17:28  Raven  
  94  17:31  Marine  
  94  17:32  Marine  
  94  17:34  Marine  
  94  17:35  Marine  
  97  17:40  Command Center  
  97  17:42  Hellion  
  98  17:47  Starport  
  98  17:49  Marine  
  98  17:50  Marine  
  78  17:53  Marine  
  78  17:54  Marine  
  78  17:57  SCV  
  78  17:58  Siege Tank  
  59  18:00  SCV  
  59  18:03  SCV, Siege Tank  
  60  18:08  Sensor Tower, Marine  
  60  18:09  SCV  
  60  18:10  Marine  
  60  18:11  Marauder  
  59  18:13  Marine  
  59  18:15  SCV  
  53  18:21  SCV  
  53  18:24  Medivac  
  53  18:26  Marine  
  57  18:27  SCV  
  57  18:28  Marine  
  57  18:31  Marine  
  57  18:32  Marine  
  57  18:33  SCV  
  57  18:39  SCV, Siege Tank  
  55  18:45  SCV  
  48  18:50  Marine  
  48  18:51  SCV  
  48  18:52  SCV  
  48  18:54  Medivac  
  31  19:03  SCV, Command Center  
  31  19:04  SCV  
  20  19:24  Viking  
  8  20:00  Refinery  
  8  20:02  SCV  
  9  20:14  SCV  
Tags
 
Add a new tag
Caveats
  • Supply blocks, unpowered buildings, or Contaminate may cause inaccurate times.
  • Supply counts are checked every 10 seconds.